 Dungeon Crawl Stone Soup version 0.21.1-1-g345015f (webtiles) character file.

620 Heatsaber the Sneak (level 7, -3/32 HPs)
             Began as a Vine Stalker Enchanter on May 22, 2018.
             Slain by Duvessa
             ... wielding a +0 short sword
              (7 damage)
             ... on level 5 of the Dungeon.
             The game lasted 00:37:23 (5345 turns).

Heatsaber the Sneak (Vine Stalker Enchanter)        Turns: 5345, Time: 00:37:26

Health: -3/32      AC:  3    Str:  7 (10) XL:     7   Next: 46%
Magic:  0/14       EV: 17    Int: 20 (22) God:
Gold:   32         SH:  0    Dex: 18 (20) Spells: 5/14 levels left

rFire    . . .     SeeInvis .   a - +1 dagger
rCold    . . .     Gourm    .   (no shield)
rNeg     . . .     Faith    .   b - +0 robe
rPois    .         Spirit   +   n - +0 hat
rElec    .         Reflect  .   r - +0 cloak
rCorr    .         Harm     .   (no gloves)
MR       .....                  (no boots)
Stlth    ++++......             s - amulet of regeneration
HPRegen  0.90/turn              (no ring)
MPRegen  0.14/turn              (no ring)

@: brilliant, agile
A: fangs 2, regeneration 1, magic shield, antimagic bite, no potion heal 3, rot
immunity
a: no special abilities


You were on level 5 of the Dungeon.
You were very hungry.

You visited 1 branch of the dungeon, and saw 5 of its levels.

You collected 144 gold pieces.
You spent 112 gold pieces at shops.

Inventory:

Hand Weapons
 a - a +1 dagger (weapon)
 q - the +7 mace of Annoyance {flame, +Inv Str+5}
   (You found it on level 4 of the Dungeon)

   It has been specially enchanted to burn those struck by it, causing extra
   injury to most foes and up to half again as much damage against particularly
   susceptible opponents.
   It affects your strength (+5).
   It lets you turn invisible.
Armour
 b - a +0 robe (worn)
 n - a +0 hat (worn)
 r - a +0 cloak (worn)
Jewellery
 s - an amulet of regeneration (around neck)
Wands
 h - a wand of iceblast (8)
Scrolls
 k - 2 scrolls of immolation
 l - a scroll of magic mapping {unknown}
 m - 2 scrolls of fear
 p - a scroll of teleportation {unknown}
Potions
 i - a potion of mutation
 o - a potion of invisibility {unknown}
Books
 c - a book of Maledictions

   Spells                             Type                      Level
   a - Corona                         Hexes                        1
   b - Ensorcelled Hibernation        Hexes/Ice                    2
   c - Confuse                        Hexes                        3
   d - Tukima's Dance                 Hexes                        3
   e - Dazzling Spray                 Conjuration/Hexes            3
Comestibles
 d - 8 rations


   Skills:
 + Level 3.4 Short Blades
 - Level 1.5 Dodging
 + Level 6.2 Stealth
 + Level 4.4 Spellcasting
 + Level 4.9 Hexes


You had 5 spell levels left.
You knew the following spells:

 Your Spells              Type           Power        Failure   Level  Hunger
a - Corona                Hex            #####..      1%          1    None
b - Ensorcelled Hibernat  Hex/Ice        ####..       1%          2    #......
c - Confuse               Hex            #####...     1%          3    ###....
d - Tukima's Dance        Hex            #####...     1%          3    ###....


Dungeon Overview and Level Annotations

Branches:
Dungeon (5/15)
 Temple: D:4-7

Altars:
Okawaru
Ru
Trog
Wu Jian

Shops:
D:4 !

Annotations:
D:5 Dowan, Duvessa, Pikel


Innate Abilities, Weirdness & Mutations

You have extremely sharp teeth.
Your natural rate of healing is unusually fast.
When hurt, damage is shared between your health and your magic reserves.
Your bite disrupts and absorbs the magic of your enemies.
Potions cannot restore your health.
You are immune to rotting.


Message History

Duvessa is lightly wounded.
Duvessa hits you with a short sword!
Dowan casts a spell at Duvessa.
Duvessa seems to speed up.
You barely miss Duvessa. You bite Duvessa, but do no damage.
Duvessa is lightly wounded.
Duvessa completely misses you.
You hit Duvessa but do no damage.
Duvessa is lightly wounded.
Duvessa hits you with a short sword.
* * * LOW HITPOINT WARNING * * *
Dowan mumbles some strange words.
Dowan blinks!
You barely miss Duvessa. Your bite misses Duvessa.
Duvessa is lightly wounded.
Duvessa says, "Where magic fails, the sword succeeds!"
Duvessa hits you with a short sword!
* * * LOW HITPOINT WARNING * * *
Duvessa hits you with a short sword!
You die...

..#.....###.....%.......
#.#..e..###..$.Z........
#.#..................($.
###...#...###.............
........### ##............
........# ##...........
........# ###....###.#
#######Z### #....# ..
#....ยง.e@# #....#
#........# #.....
#.....e..# #........#
##########


You could see Duvessa, Dowan and an adder skeleton.

Vanquished Creatures
  A phantom (D:5)
  A centaur (D:4)
  2 orc priests (D:4)
  A hound (D:4)
  Crazy Yiuf (D:4)
  An iguana (D:4)
  An orc wizard (D:4)
  A worker ant (D:5)
  6 gnolls
  6 adders
  3 oozes
  An adder skeleton (D:4)
  3 worms
  3 dart slugs
  4 leopard geckos
  2 orcs
  2 ball pythons
  3 giant cockroaches
  3 goblins
  9 hobgoblins
  4 jackals (D:4)
  11 kobolds
  3 quokkas
  3 bats
  3 frilled lizards
  10 rats
88 creatures vanquished.

Vanquished Creatures (collateral kills)
  An ogre (D:5)
1 creature vanquished.

Vanquished Creatures (others)
  2 plants (D:1)
2 creatures vanquished.

Grand Total: 91 creatures vanquished

Notes
Turn   | Place    | Note
-------+----------+-------------------------------------------
     0 | D:1      | Heatsaber the Vine Stalker Enchanter began the quest for the Orb.
     0 | D:1      | Reached XP level 1. HP: 9/9 MP: 4/4
    12 | D:1      | Reached skill level 1 in Short Blades
   308 | D:1      | Reached XP level 2. HP: 9/13 MP: 3/6
   560 | D:1      | Learned a level 2 spell: Ensorcelled Hibernation
  1037 | D:1      | Reached skill level 4 in Stealth
  1184 | D:1      | Reached XP level 3. HP: 12/16 MP: 2/7
  1194 | D:1      | Learned a level 3 spell: Confuse
  1679 | D:2      | Found an ornate altar of the Wu Jian Council.
  1809 | D:2      | Gained mutation: Your natural rate of healing is unusually fast. [Vine Stalker growth]
  1809 | D:2      | Reached XP level 4. HP: 21/21 MP: 4/9
  1878 | D:2      | Learned a level 3 spell: Tukima's Dance
  1892 | D:2      | Found a sacrificial altar of Ru.
  2651 | D:3      | Noticed a moth of wrath
  2705 | D:3      | Reached XP level 5. HP: 24/24 MP: 10/10
  3047 | D:3      | Found a bloodstained altar of Trog.
  3478 | D:4      | Reached skill level 5 in Stealth
  3725 | D:4      | Reached XP level 6. HP: 28/28 MP: 6/12
  3988 | D:4      | Found Quoz's Distillery.
  4002 | D:4      | Bought a potion of mutation for 112 gold pieces
  4030 | D:4      | Found an iron altar of Okawaru.
  4122 | D:4      | Got a smoking mace
  4123 | D:4      | Identified the +7 mace of Annoyance {flame, +Inv Str+5} (You found it on level 4 of the Dungeon)
  4491 | D:4      | Found a runed door.
  4886 | D:4      | Noticed Crazy Yiuf
  4890 | D:4      | Killed Crazy Yiuf
  4890 | D:4      | Reached XP level 7. HP: 32/32 MP: 14/14
  4937 | D:5      | Entered Level 5 of the Dungeon
  5000 | D:5      | Noticed Pikel
  5291 | D:5      | Reached skill level 6 in Stealth
  5294 | D:5      | Noticed Duvessa
  5295 | D:5      | Noticed Dowan
  5297 | D:5      | HP: 1/32 [Dowan/puff of flame (5)]
  5345 | D:5      | Slain by Duvessa

Skill      XL: |  1  2  3  4  5  6  7 |
---------------+----------------------+-----
Short Blades   | 1 2 3 |  3.4
Stealth        | 4 5 6 |  6.2
Spellcasting   | 3 4 |  4.4
Hexes          | 4 |  4.9
Dodging        | |  1.5

Action                   |  1- 3 |  4- 6 |  7- 9 || total
-------------------------+-------+-------+-------++-------
Melee: Dagger            |    56 |   109 |    46 ||   211
       Bite              |     8 |    17 |    16 ||    41
 Cast: Corona            |     7 |       |       ||     7
       Ensorcelled Hiber |    15 |    48 |     7 ||    70
       Tukima's Dance    |       |     6 |     1 ||     7
       Confuse           |       |     3 |    15 ||    18
  Use: Scroll            |       |     5 |       ||     5
       Potion            |       |       |     4 ||     4
 Stab: Sleeping          |    20 |    37 |     2 ||    59
       Confused          |       |     1 |     1 ||     2
       Distracted        |       |     1 |       ||     1
  Eat: Chunk             |     4 |    11 |       ||    15
       Ration            |       |       |     1 ||     1
Armor: Robe              |     5 |     8 |     6 ||    19
Dodge: Dodged            |    29 |    50 |    29 ||   108
